 Dungeon Crawl Stone Soup version 0.23.2 (webtiles) character file.

Game seed: 16771812521541752612

88 aelisj the Conjurer (level 4, -2/24 HPs)
             Began as a Tengu Conjurer on Apr 12, 2019.
             Slain by a gnoll
             ... wielding a +0 flail
              (5 damage)
             ... on level 2 of the Dungeon.
             The game lasted 00:12:34 (2134 turns).

aelisj the Conjurer (Tengu Conjurer)                Turns: 2134, Time: 00:12:35

Health: -2/24      AC:  3    Str:  8    XL:     4   Next: 53%
Magic:  8/9        EV: 12    Int: 16    God:
Gold:   63         SH:  0    Dex: 15    Spells: 2/8 levels left

rFire    . . .     SeeInvis .   e - +0 mace
rCold    . . .     Gourm    .   (no shield)
rNeg     . . .     Faith    .   i - +0 leather armour
rPois    .         Spirit   .   (helmet restricted)
rElec    .         Reflect  .   (no cloak)
rCorr    .         Harm     .   (no gloves)
MR       .....                  (boots unavailable)
Stlth    ++........             (no amulet)
HPRegen  0.08/turn              (no ring)
MPRegen  0.11/turn              (no ring)

@: no status effects
A: beak, talons 3
a: no special abilities


You were on level 2 of the Dungeon.
You were hungry.

You visited 1 branch of the dungeon, and saw 2 of its levels.

You collected 63 gold pieces.

Inventory:

Hand Weapons
 e - a +0 mace (weapon)
Armour
 a - a +0 robe
 i - a +0 leather armour (worn)
Scrolls
 b - 2 scrolls of teleportation {unknown}
 d - a scroll of fog {unknown}
 h - a scroll of identify {unknown}
 j - a scroll of fear {unknown}
 k - a scroll of enchant armour {unknown}
Potions
 f - a potion of heal wounds {unknown}
 g - a potion of mutation {unknown}
Comestibles
 c - a ration


   Skills:
 - Level 2.2 Dodging
 - Level 2.1 Stealth
 * Level 2.9 Spellcasting
 * Level 6.8 Conjurations


You had 2 spell levels left.
You knew the following spells:

 Your Spells              Type           Power        Failure   Level  Hunger
a - Magic Dart            Conj           ###.         1%          1    #......
b - Searing Ray           Conj           ###...       2%          2    ##.....
c - Dazzling Spray        Conj/Hex       ##....       21%         3    ###....

Your spell library contained the following spells:

 Spells                   Type           Power        Failure   Level  Hunger
 Iskenderun's Mystic Bla  Conj           ###.....     16%         4    #####..
 Force Lance              Conj/Tloc      ##......     54%         4    #####..
 Fulminant Prism          Conj/Hex       ##........   54%         4    #####..


Dungeon Overview and Level Annotations

Branches:
Dungeon (2/15)

Altars:


Innate Abilities, Weirdness & Mutations

You have a beak for a mouth.
You have claws for feet.


Message History

You finish channeling your searing ray.
Things that are here:
a +0 trident; a cursed +0 scale mail
f - a lumpy yellow potion
Things that are here:
14 stones; a gnoll skeleton You see here a stone.
You see here a leopard gecko skeleton.
k - a scroll labeled TACWYDU BEUP A gnoll comes into view.
It is wielding a +0 flail.
The gnoll shouts!
The gnoll evokes its amulet.
The gnoll goes berserk!
You hear a shout!
The gnoll shouts!
The gnoll hits you with a +0 flail!
Ouch! That really hurt!
* * * LOW HITPOINT WARNING * * *
The gnoll barely misses you. The gnoll hits you with a +0 flail.
You die...

.........(######. .. .#
......##(....... ####.##.##
.....)##(####... ........#
.......#.####.# #.......# #.#
#........# ##.......# #.#
##..###..#####......... #.#
#.(###..#.............
##.######.##.g...###.........
#...........@...รท##........##
#.............##.g..#g.....#
#.........###....#.........#
#(........######.....####.##
#.........)# #..##... .#
#........#.###.......### .#
####.##...<......#.. .
#.##.....######## .
.............


You could see 2 gnolls.

Vanquished Creatures
  Terence (D:2)
  A gnoll (D:2)
  2 adders (D:2)
  3 dart slugs
  3 leopard geckos
  A giant cockroach (D:1)
  3 goblins (D:1)
  A hobgoblin (D:1)
  5 bats
  4 frilled lizards (D:1)
  4 kobolds
  3 rats (D:1)
31 creatures vanquished.

Notes
Turn   | Place    | Note
-------+----------+-------------------------------------------
     0 | D:1      | aelisj the Tengu Conjurer began the quest for the Orb.
     0 | D:1      | Reached XP level 1. HP: 10/10 MP: 4/4
   240 | D:1      | Reached XP level 2. HP: 15/15 MP: 0/6
   440 | D:1      | Reached skill level 6 in Conjurations
   471 | D:1      | Learned a level 2 spell: Searing Ray
  1179 | D:2      | Reached XP level 3. HP: 19/19 MP: 4/7
  1645 | D:2      | Noticed Terence
  1702 | D:1      | Learned a level 3 spell: Dazzling Spray
  1728 | D:2      | Reached XP level 4. HP: 15/24 MP: 2/9
  2094 | D:2      | Killed Terence
  2134 | D:2      | Slain by a gnoll

Skill      XL: |  1  2 |
---------------+-------+-----
Conjurations   | 6 |  6.8
Dodging        | |  2.2
Stealth        | |  2.1
Spellcasting   | |  2.9

Action                   |  1- 3 |  4- 6 || total
-------------------------+-------+-------++-------
Melee: Unarmed           |     5 |       ||     5
       Kick              |     3 |       ||     3
       Peck              |     3 |       ||     3
       Mace              |     4 |       ||     4
 Cast: Magic Dart        |    63 |    10 ||    73
       Searing Ray       |       |     3 ||     3
  Eat: Chunk             |     3 |     1 ||     4
Armor: Leather armour    |     3 |     1 ||     4
Dodge: Dodged            |    13 |    10 ||    23
